 Dungeon Crawl Stone Soup version 0.20-a0-1016-g241539b (webtiles) character file.

608 Denreik the Fighter (level 7, -1/93 HPs)
             Began as a Formicid Chaos Knight on Apr 16, 2017.
             Killed by divine providence
             ... invoked by an orc priest
              (13 damage)
             ... on level 5 of the Dungeon.
             The game lasted 00:08:42 (2446 turns).

Denreik the Fighter (Formicid Chaos Knight)         Turns: 2446, Time: 00:08:43

Health: -1/93      AC: 23    Str: 19    XL:     7   Next: 71%
Magic:  7/7        EV:  2    Int: 11    God:    Xom [..*...]
Gold:   69         SH:  0    Dex: 10    Spells: 6/6 levels left

rFire    . . .     SeeInvis .   a - +0 spear (chaos)
rCold    . . .     Gourm    .   (no shield)
rNeg     + + +     Faith    .   (armour currently unavailable)
rPois    +         Spirit   .   (helmet unavailable)
rElec    .         Reflect  .   (cloak currently unavailable)
rCorr    .         Harm     .   (gloves currently unavailable)
MR       .....                  (boots currently unavailable)
Stlth    +.........             (no amulet)
Regen    0.3/turn               (no ring)
MPRegen  0.1/turn               (no ring)

@: lethally poisoned (-1 -> -1), tree-form
A: permanent stasis, dig shafts and tunnels, four strong arms
a: Renounce Religion


You were on level 5 of the Dungeon.
You worshipped Xom.
You were a toy of Xom.
You were very hungry.
You were a tree.
You visited 1 branch of the dungeon, and saw 5 of its levels.

You collected 69 gold pieces.

Inventory:

Hand Weapons
 a - a +0 spear of chaos (weapon)
Missiles
 k - 18 sling bullets
 l - 35 stones (quivered)
Armour
 b - a +2 leather armour (melded)
Scrolls
 e - 2 scrolls of remove curse
 i - a scroll of identify
 j - 2 scrolls of recharging {unknown}
 o - a scroll of immolation {unknown}
 p - a scroll of noise {unknown}
Potions
 d - a potion of magic
Comestibles
 c - a bread ration
 h - 2 fruits
 m - a meat ration
 n - a royal jelly


   Skills:
 - Level 8.1 Fighting
 * Level 4.3 Polearms
 - Level 2.4 Armour
 - Level 2.0 Dodging


You had 6 spell levels left.
You didn't know any spells.

Dungeon Overview and Level Annotations

Branches:
Dungeon (6/15)
 Temple: D:4-7

Altars:
Makhleb
Nemelex Xobeh
Uskayaw


Innate Abilities, Weirdness & Mutations

You cannot be hasted, slowed, berserked, paralysed or teleported.
You can dig through walls and to a lower floor.
Your four strong arms can wield two-handed weapons with a shield.
((You have a pair of large antennae on your head. (SInv)))


Message History

You hit the orc but do no damage.
The orc is lightly wounded.
You feel sick. The orc hits you but does no damage. x2
You hit the orc but do no damage.
Space bends around the orc.
The orc is severely wounded.
The hound seems less confused.
The orc hits you but does no damage.
You hit the orc but do no damage.
The orc is severely wounded.
You hear a shout!
An orc wizard comes into view. It is wielding a dagger.
Attack whom?
Press: ? - help, Dir - move target cursor, f - orc priest, p - hound
Aim: an orc priest, wielding a flail and wearing a leather armour You reach to attack!
You hit the orc priest.
The orc priest seems to speed up.
Xom is highly amused!
The orc priest is lightly wounded.
The orc priest mumbles some strange prayers to Beogh against you.
Beogh smites you!
You die...
Xom cackles wildly!

..#.§§.§##...####..#####
⌠.#§§§§§##...# #......#
..#§§§§§# #..####...##.#
..#.§§§.####........#
..#.§§§.##....##....#
..########....####..#
_.......⌠###..# #..#
..########....####..#
..#§§§§. #....##♣#..#
..#§§§§§*####.oo##..##
..#§§§§§ * #..ho.{....
⌠.#§§§§§* ##†###.####
..#§§§§§ #.......{....
..###### #..##..##{###
''###### #. .... .......
#. #.... ......# #
#..##.


You could see a hound, an orc priest and an orc wizard.

Vanquished Creatures
  A centaur (D:5)
  2 ogres (D:5)
  A scorpion (D:4)
  2 hounds (D:5)
  An orc priest (D:5)
  A jelly (D:5)
  2 orc wizards (D:5)
  A centaur skeleton (D:4)
  An iguana (D:5)
  A worker ant (D:5)
  2 adders (D:2)
  A worm (D:5)
  3 leopard geckos
  5 orcs
  2 bats
  A giant cockroach (D:2)
  A goblin (D:2)
  4 hobgoblins
  4 frilled lizards
  A jackal zombie (D:5)
  A kobold (D:2)
  2 rats
40 creatures vanquished.

Notes
Turn   | Place    | Note
-------+----------+-------------------------------------------
     0 | D:1      | Denreik the Formicid Chaos Knight began the quest for the Orb.
     0 | D:1      | Reached XP level 1. HP: 18/18 MP: 1/1
    68 | D:1      | You fall through a shaft!
    98 | D:2      | Found a hide-covered altar of Uskayaw.
   108 | D:2      | Reached skill level 1 in Dodging
   108 | D:2      | Reached XP level 2. HP: 16/24 MP: 2/2
   153 | D:2      | Reached XP level 3. HP: 13/29 MP: 3/3
   695 | D:2      | You fall through a shaft for 2 floors!
   852 | D:4      | Reached skill level 4 in Fighting
   882 | D:4      | Reached XP level 4. HP: 12/38 MP: 4/4
   970 | D:4      | XOM: harmless Fire miscast
  1053 | D:4      | Reached skill level 5 in Fighting
  1053 | D:4      | Reached XP level 5. HP: 19/44 MP: 5/5
  1113 | D:4      | XOM: harmless Conj miscast
  1285 | D:5      | Entered Level 5 of the Dungeon
  1313 | D:5      | Found a burning altar of Makhleb.
  1416 | D:5      | Found a sparkling altar of Nemelex Xobeh.
  1645 | D:5      | Noticed an ogre
  1661 | D:5      | Reached skill level 6 in Fighting
  1662 | D:5      | Killed an ogre
  1662 | D:5      | Reached XP level 6. HP: 53/53 MP: 6/6
  1696 | D:5      | XOM: silly message
  1702 | D:5      | Reached skill level 7 in Fighting
  1994 | D:5      | Reached XP level 7. HP: 52/60 MP: 7/7
  2015 | D:5      | XOM: divination: magic mapping
  2016 | D:5      | XOM: potion effect (heal wounds)
  2222 | D:5      | XOM: harmless Fire miscast
  2243 | D:5      | Reached skill level 8 in Fighting
  2430 | D:5      | XOM: cast spell 'Alistair's Intoxication'
  2446 | D:5      | Killed from afar by an orc priest

Vault maps used:
D:1:      scummos_arrival_star, serial_glass, glass_columns_a, glass_columns_b,
          due_unseen_surprise, kennysheep_nondescript, minivault_26
D:2:      eat_drink_and_be_merry_uskayaw, first_bread, minmay_misc_feat_room,
          kennysheep_generic_room_7, uniq_sigmund
D:4:      serial_shops, shop
D:5:      nemelex_altar_shiori, makhleb_heckhound_becter
D:6:      kennysheep_housing_project, slow_altar_1, vehumet_statue,
          nicolae_overflow_hidden_temple, nicolae_overflow_crystal_walls,
          kennysheep_nub, uniq_prince_ribbit1, uniq_menkaure

Skill      XL: |  1  2  3  4  5  6  7 |
---------------+----------------------+-----
Dodging        | 1 2 |  2.0
Fighting       | 4 5 6 7 8 |  8.1
Polearms       | 4 |  4.3
Armour         | |  2.4

Action                   |  1- 3 |  4- 6 |  7- 9 || total
-------------------------+-------+-------+-------++-------
Melee: Spear             |    66 |    59 |    87 ||   212
 Abil: Shaft Self        |     2 |       |       ||     2
       Dig               |       |     3 |     1 ||     4
  Use: Scroll            |       |     2 |       ||     2
       Potion            |       |       |     1 ||     1
 Stab: Sleeping          |     1 |       |       ||     1
       Confused          |     1 |       |       ||     1
       Paralysed         |       |       |     6 ||     6
  Eat: Chunk             |       |     3 |     2 ||     5
Armor: Leather armour    |    10 |     8 |    12 ||    30
       Skin              |       |       |     4 ||     4
Dodge: Dodged            |    27 |    38 |    32 ||    97
